 Dungeon Crawl Stone Soup version 0.25.0-11-g1f837a76a1 (webtiles) character file.

Game seed: 3040967232298541080

35 sanka the Vexing (level 3, -4/31 HPs)
             Began as an Ogre Enchanter on June 24, 2020.
             Slain by Terence
             ... wielding a +2 flail of protection
              (7 damage)
             ... on level 2 of the Dungeon.
             The game lasted 00:03:00 (2280 turns).

sanka the Vexing (Ogre Enchanter)                   Turns: 2280, Time: 00:03:01

Health: -4/31      AC:  3    Str: 13    XL:     3   Next: 35%
Magic:  5/7        EV: 10    Int: 16    God:
Gold:   89         SH:  0    Dex:  9    Spells: 1/8 levels left

rFire    . . .     SeeInvis .   a - +1 dagger
rCold    . . .     Gourm    .   (no shield)
rNeg     . . .     Faith    .   b - +0 robe
rPois    .         Spirit   .   (helmet restricted)
rElec    .         Reflect  .   (no cloak)
rCorr    .         Harm     .   (gloves unavailable)
MR       .....                  (boots unavailable)
Stlth    ++........             (no amulet)
HPRegen  0.10/turn              (no ring)
MPRegen  0.10/turn              (no ring)

@: mighty, brilliant, flying
A: large, unfitting armour, tough skin 1
a: no special abilities


You were on level 2 of the Dungeon.
You were not hungry.

You visited 1 branch of the dungeon, and saw 2 of its levels.

You collected 89 gold pieces.


Innate Abilities, Weirdness & Mutations

You are too large for most types of armour.
You have tough skin. (AC +1)


   Skills:
 - Level 0.8 Short Blades
 - Level 1.7 Dodging
 - Level 2.1 Stealth
 - Level 3.0 Spellcasting
 + Level 3.6 Hexes


You had one spell level left.
You knew the following spells:

 Your Spells              Type           Power        Failure   Level  Hunger
z - Tukima's Dance        Hex            ###.....     12%         3    None
X - Confusing Touch       Hex            ###.....     12%         3    None
Z - Corona                Hex            ###....      4%          1    None

Your spell library contained the following spells:

 Spells                   Type           Power        Failure   Level  Hunger
 Ensorcelled Hibernation  Hex/Ice        ##....       13%         2    None
 Dazzling Flash           Conj/Hex       ##....       26%         3    None

Inventory:

Hand Weapons
 a - a +1 dagger (weapon)
 k - a +0 mace
Missiles
 f - 34 stones (quivered)
Armour
 b - a +0 robe (worn)
Scrolls
 c - 2 scrolls of identify {unknown}
 g - a scroll of enchant armour {unknown}
 i - 2 scrolls of remove curse {unknown}
Comestibles
 d - 3 rations

Dungeon Overview and Level Annotations

Branches:
Dungeon (2/15)

Altars:

Annotations:
D:2 Terence

▒..▒ ▒.....▒ ▒. ▒▒.▒ ▒▒▒.▒▒▒
▒. ▒.▒ ▒[▒ ▒▒ ▒.▒ ▒▒.▒ ▒.▒
▒▒▒▒..▒▒▒▒ ▒▒
▒▒▒.▒▒▒........▒ ▒▒.▒
▒.....[.▒......▒▒▒ ▒▒...▒
▒.▒.▒▒..▒..▒......
▒▒.....▒▒▒▒O▒.........▒..▒▒▒
▒..........@▒▒▒▒..▒.▒.▒..▒
.........▒..▒▒▒▒..▒.▒.▒..▒
▒.(.....▒▒...............▒
▒▒.....▒▒▒...▒▒▒▒▒▒▒...▒▒▒
▒▒...▒ ▒▒▒.▒ ▒...▒ ▒▒.▒ ▒.▒
▒...▒ ..( ▒.▒ ▒.... ... ▒.▒


You could see Terence.


Message History

Terence is almost dead.
Terence misses you.
You hit Terence but do no damage.
Terence is almost dead.
Terence seems less confused.
Terence hits you with a +2 flail of protection.
* * * LOW HITPOINT WARNING * * *
You barely miss Terence.
Terence is almost dead.
You barely miss Terence.
Terence is almost dead.
Terence hits you with a +2 flail of protection!
* * * LOW HITPOINT WARNING * * *
You hit Terence.
Terence is almost dead.
Terence barely misses you.
You hit Terence but do no damage.
Terence is almost dead.
Terence barely misses you.
It was a potion of flight.
You feel very buoyant.
You fly up into the air.
Terence hits you with a +2 flail of protection.
* * * LOW HITPOINT WARNING * * *
It was a potion of brilliance.
You feel clever all of a sudden.
It was a potion of might.
You feel very mighty all of a sudden.
Terence hits you with a +2 flail of protection!
You die...

Action                   || total
-------------------------++-------
Melee: Dagger            ||   131
Throw: Stone             ||     2
 Cast: Corona            ||     2
       Confusing Touch   ||     2
  Use: Potion            ||     3
 Stab: Sleeping          ||     2
       Confused          ||     1
  Eat: Chunk             ||     2
       Ration            ||     1
Armor: Robe              ||    28
Dodge: Dodged            ||    66

Levels and vault maps discovered:
D:1:      psy_arrival_basics, layout_basic, minmay_stone_trees_medium,
          minmay_misc_feat_encased
D:2:      layout_loops_cross, lemuel_blue_sif_altar, first_ration, st_stairs_7,
          uniq_jessica, uniq_terence

Notes
Turn   | Place    | Note
-------+----------+-------------------------------------------
     0 | D:1      | sanka the Ogre Enchanter began the quest for the Orb.
     0 | D:1      | Reached XP level 1. HP: 16/16 MP: 3/3
   478 | D:1      | Reached XP level 2. HP: 24/24 MP: 5/5
   509 | D:1      | Reached skill level 3 in Hexes
   695 | D:1      | Reached skill level 3 in Spellcasting
  1593 | D:2      | Reached XP level 3. HP: 10/31 MP: 5/7
  1821 | D:2      | Learned a level 3 spell: Confusing Touch
  1825 | D:2      | Learned a level 3 spell: Tukima's Dance
  2106 | D:2      | Noticed Terence
  2278 | D:2      | HP: 3/31 [Terence/+2 flail of protection (2)]
  2280 | D:2      | Slain by Terence

Vanquished Creatures
  An adder (D:2)
  An ooze (D:2)
  2 leopard geckos
  4 goblins
  2 hobgoblins (D:1)
  A ball python (D:1)
  4 bats (D:1)
  4 kobolds (D:1)
  2 rats (D:1)
21 creatures vanquished.
